 Dungeon Crawl Stone Soup version 0.30-a0-916-g98134172ad (webtiles) character file.

Game seed: 4890991969400973778

41 112233 the Sneak (level 3, -4/25 HPs)
             Began as an Octopode Brigand on Mar 20, 2023.
             Slain by an orc
             ... wielding a +0 trident
              (6 damage)
             ... on level 2 of the Dungeon.
             The game lasted 00:00:45 (717 turns).

112233 the Sneak (Octopode Brigand)                  Turns: 717, Time: 00:00:46

Health: -4/25      AC:  1    Str: 10    XL:     3   Next: 52%
Magic:  3/3        EV: 13    Int: 15    God:
Gold:   0          SH:  0    Dex: 13    Spells: 2/2 levels left

rFire   . . .      SeeInvis .    d - +2 spear (venom)
rCold   . . .      Faith    .    (no shield)
rNeg    . . .      Spirit   .    (helmet restricted)
rPois   .          Reflect  .    (no amulet)
rElec   .          Rampage  .    (no ring)
rCorr   .                        (no ring)
Will    .....                    (no ring)
Stlth   ++++                     (no ring)
HPRegen 0.24/turn                (no ring)
MPRegen 0.08/turn                (no ring)
                                 (no ring)
                                 (no ring)

@: no status effects
A: almost no armour, amphibious, 8 rings, camouflage 1, gelatinous body 1,
(nimble swimmer 1), tentacles
a: no special abilities


You were on level 2 of the Dungeon.
You visited 1 branch of the dungeon, and saw 2 of its levels.

Inventory:

Hand Weapons
 a - a +2 dagger
 d - a +2 spear of venom (weapon)
Missiles
 b - 11 poisoned darts (quivered)
 c - 3 curare-tipped darts
Scrolls
 e - a scroll of fog {unknown}
 f - a scroll of magic mapping {unknown}
 g - 4 scrolls of torment {unknown}
 h - 2 scrolls of teleportation {unknown}


   Skills:
 + Level 2.5 Fighting
 - Level 2.0 Short Blades
 - Level 2.0 Throwing
 + Level 1.7 Dodging
 * Level 6.3 Stealth


You had 2 spell levels left.
You didn't know any spells.
Your spell library was empty.

Dungeon Overview and Level Annotations

Branches:
Dungeon (2/15)

Altars:


Innate Abilities, Weirdness & Mutations

You cannot wear most types of armour.
You are amphibious.
You can wear up to eight rings at the same time.
Your skin changes colour to match your surroundings (Stealth+).
Your rubbery body absorbs attacks. (AC +1, EV +1)
((You are camouflaged when in or above water. (Stealth+)))
You have tentacles for arms and can constrict up to eight enemies at once.


Message History

The endoplasm hits you.
Unknown command.
You miss the orc wizard.
The endoplasm quivers.
Your squeeze misses the orc wizard.
You feel less confused. The endoplasm closely misses you.
The orc wizard hits you with a +0 dagger.
Unknown command.
You closely miss the orc wizard.
The orc shouts!
You grab the orc wizard. You squeeze the orc wizard!
The orc wizard is severely wounded.
You constrict the orc wizard, but do no damage.
The orc hits you with a +0 whip.
The orc hits you from afar with a +0 trident.
The endoplasm closely misses you.
The orc wizard mumbles some strange words.
The orc wizard flickers and vanishes!
Deactivating autopickup; reactivate with Ctrl-A.
You hit something but do no damage. You squeeze something.
You constrict something.
Reactivating autopickup.
You feel a bit more experienced.
The orc hits you from afar with a +0 trident.
* * * LOW HITPOINT WARNING * * *
The endoplasm closely misses you.
Your Stealth skill increases to level 6!
You have reached level 3!
Your experience leads to an increase in your attributes!
Increase (S)trength, (I)ntelligence, or (D)exterity?
You feel clever. x2
Unknown command.
The orc closely misses you.
Unknown command.
Unknown command.
You hit the endoplasm but do no damage. The endoplasm hits you.
* * * LOW HITPOINT WARNING * * *
The orc hits you from afar with a +0 trident.
You die...

#......##.#...#..#.#
#...#......†..#..#.#....
#...................... ..
#.............#....#..#..#
#.........................
#.........................
#.......................?.
. #[..#.###.##..#.##.#...#
#.
#...#####.##..#.@JJ.o..# .
.................oo.......
#.............#.##.#......
#.
##..####..................
#. #..#
#.###..#.##.#.#...# #.
#..#
#......#.##.#.#.#.#..#. #.
#..# #####..#.##.# #
#....#. #. #..# #..#.....
###..#.##. #..# #..#.#
.........


You could see 3 orcs and 2 endoplasms.

Vanquished Creatures
  An orc wizard (D:2)
  A worm (D:2)
  A ball python (D:2)
  3 endoplasms (D:2)
  2 goblins
  A kobold (D:1)
  5 rats
14 creatures vanquished.

Notes
Turn   | Place    | Note
-------+----------+-------------------------------------------
     0 | D:1      | 112233 the Octopode Brigand began the quest for the Orb.
     0 | D:1      | Reached XP level 1. HP: 14/14 MP: 1/1
    53 | D:1      | You fall into a shaft and drop 1 floor!
   158 | D:2      | Reached XP level 2. HP: 19/19 MP: 2/2
   715 | D:2      | Reached skill level 6 in Stealth
   715 | D:2      | Reached XP level 3. HP: 4/25 MP: 3/3
   717 | D:2      | Slain by an orc

Illustrated notes

Levels and vault maps discovered:
D:1:      dpeg_arrival_rooms_b, layout_basic, serial_shops, shop,
          nicolae_shop_statue_plus, shop, grunt_decor_one_mirror, minmay_tall_x
D:2:      kennysheep_big_flooded_room, layout_basic

Skill      XL: |  1  2 |
---------------+-------+-----
Stealth        | 6 |  6.3
Fighting       | |  2.5
Short Blades   | |  2.0
Throwing       | |  2.0
Dodging        | |  1.7

Action                     || total
---------------------------++-------
  Melee: Spear             ||    26
         Dagger            ||     5
         Constrict         ||     3
         Tentacles         ||     4
    Use: Potion            ||     1
   Stab: Sleeping          ||     5
 Armour: Skin              ||     2
  Dodge: Dodged            ||     9

Table legend: (Time is in decaauts)
 A = Elapsed time spent in this place.
 B = Non-inter-level travel time spent in this place.
 C = Inter-level travel time spent in this place.
 D = Time resting spent in this place.
 E = Time spent auto-exploring this place.
 F = Levels seen in this place.
 G = Mean time per level.
                   A        B        C        D        E       F      G
               +--------+--------+--------+--------+--------+-----+--------+
         Total |    718 |    718 |      0 |    282 |    321 |   2 |  359.0 |
       Dungeon |    718 |    718 |      0 |    282 |    321 |   2 |  359.0 |
               +--------+--------+--------+--------+--------+-----+--------+

Top non-repeatable levels by time:
     D:2: 666 daAuts
     D:1: 52 daAuts
